 Dungeon Crawl Stone Soup version 0.24.0-13-gcf9b3192b9 (console) character file.

Game seed: 12073248816714419521, levelgen mode: deterministic

348 AlterAsc the Changer (level 6, -2/38 HPs)
             Began as an Octopode Transmuter on Nov 8, 2019.
             Slain by a goblin
             ... wielding a +1 dagger of protection
             ... led by Robin
              (5 damage)
             ... on level 3 of the Dungeon.
             The game lasted 00:14:23 (4353 turns).

AlterAsc the Changer (Octopode Transmuter)          Turns: 4353, Time: 00:14:24

Health: -2/38      AC:  1    Str: 11    XL:     6   Next: 60%
Magic:  7/11       EV: 13    Int: 15    God:
Gold:   142        SH:  0    Dex: 13    Spells: 2/12 levels left

rFire    . . .     SeeInvis +     - Unarmed
rCold    . . .     Gourm    .   (no shield)
rNeg     . . .     Faith    .   (helmet restricted)
rPois    .         Spirit   .   (no amulet)
rElec    .         Reflect  .   n - ring of see invisible
rCorr    .         Harm     .   (no ring)
MR       .....                  (no ring)
Stlth    ++........             (no ring)
HPRegen  0.12/turn              (no ring)
MPRegen  0.12/turn              (no ring)
                                (no ring)
                                (no ring)

@: no status effects
A: almost no armour, stealthy swim, amphibious, 8 rings, constrict 8, camouflage
1, gelatinous body 1
a: no special abilities


You were on level 3 of the Dungeon.
You were hungry.

You visited 1 branch of the dungeon, and saw 4 of its levels.

You collected 142 gold pieces.

Inventory:

Missiles
 a - 66 arrows
 k - 101 stones (quivered)
Jewellery
 n - a ring of see invisible (left tentacle)
Wands
 o - a wand of digging (1)
Scrolls
 b - a scroll of fear {unknown}
 d - 2 scrolls of amnesia {unknown}
 e - 2 scrolls of remove curse
 g - 3 scrolls of identify {unknown}
 h - a scroll of random uselessness {unknown}
 j - 3 scrolls of teleportation {unknown}
 m - a scroll of fog {unknown}
Potions
 f - a potion of heal wounds {unknown}
 i - a potion of invisibility {unknown}
 p - 2 potions of curing {unknown}
Comestibles
 c - 8 rations
 l - 12 chunks of flesh


   Skills:
 - Level 1.0 Fighting
 - Level 2.0 Dodging
 - Level 3.4 Unarmed Combat
 + Level 3.6 Spellcasting
 * Level 5.0 Transmutations
 - Level 2.0 Ice Magic


You had 2 spell levels left.
You knew the following spells:

 Your Spells              Type           Power        Failure   Level  Hunger
a - Beastly Appendage     Tmut           ###...       2%          1    None
b - Sticks to Snakes      Tmut           ###.....     3%          2    ##.....
c - Spider Form           Tmut/Pois      ##........   21%         3    ###....
d - Ice Form              Ice/Tmut       ##......     41%         4    ####...

Your spell library contained the following spells:

 Spells                   Type           Power        Failure   Level  Hunger
 Blade Hands              Tmut           ###.......   54%         5    ######.


Dungeon Overview and Level Annotations

Branches:
Dungeon (4/15)
 Temple: D:4-7

Altars:
Dithmenos
Fedhas
Hepliaklqana
Makhleb
Okawaru

Annotations:
D:3 Sigmund


Innate Abilities, Weirdness & Mutations

You cannot wear most types of armour.
You are very stealthy in the water. (Stealth+)
You are amphibious.
You can wear up to eight rings at the same time.
You can use your tentacles to constrict eight enemies at once.
Your skin changes colour to match your surroundings (Stealth+).
Your rubbery body absorbs attacks. (AC +1, EV +1)


Message History

You hit the orc wizard but do no damage.
The orc wizard looks as sick as possible!
The orc wizard is severely wounded.
The orc wizard completely misses you.
You hit the orc wizard.
The orc wizard looks as sick as possible!
The orc wizard is almost dead.
Your transformation has ended.
You kill the orc wizard!
Your Transmutations skill increases to level 5!
The goblin hits you with a +1 dagger of protection.
* * * LOW HITPOINT WARNING * * *
You kill Robin!
Items here: ))) [ ÷÷
Things that are here:
a +0 hand axe x2
The goblin no longer looks unusually strong.
Your magical contamination has completely faded away.
The goblin hits you with a +1 dagger of protection.
You die...

.......#...# #)# #####
#####'###### #.# ####.# #.#
#....# #.# ##....##########.#
.'....##.........########
##....##.#######........#
................g.#####.###
.####.##.###....@.........# ..#
#.##.# #.........##.#.# ..#
#.##.# #.........##.#.# ..#
#.##.# #...).....##.#÷#####
.####.##.########.#####.......#
..........................#####
....#.#####.......#####...##
....#.#####.#.###.# #....#
..........#.#.# #.# #.#..#


You could see a goblin.

Vanquished Creatures
  An orc priest (D:3)
  A hound (D:3)
  A bullfrog skeleton (D:4)
  An orc wizard (D:3)
  An iguana (D:3)
  Robin (D:3)
  3 gnolls (D:3)
  5 adders
  3 oozes
  An adder skeleton (D:3)
  3 worms
  A dart slug (D:2)
  2 leopard geckos (D:1)
  11 orcs (D:3)
  7 giant cockroaches
  8 goblins
  10 hobgoblins
  3 jackals (D:4)
  8 kobolds
  A quokka (D:4)
  5 bats
  4 frilled lizards
  8 rats
89 creatures vanquished.

Vanquished Creatures (others)
  A goblin (D:4)
1 creature vanquished.

Grand Total: 90 creatures vanquished

Notes
Turn   | Place    | Note
-------+----------+-------------------------------------------
     0 | D:1      | AlterAsc the Octopode Transmuter began the quest for the
                  | Orb.
     0 | D:1      | Reached XP level 1. HP: 13/13 MP: 3/3
   269 | D:1      | Reached XP level 2. HP: 18/18 MP: 3/5
   277 | D:1      | Learned a level 2 spell: Sticks to Snakes
   821 | D:1      | Reached XP level 3. HP: 15/23 MP: 6/6
  1041 | D:1      | Reached skill level 3 in Transmutations
  1505 | D:2      | Learned a level 3 spell: Spider Form
  1914 | D:2      | Found a faded altar of an unknown god.
  1949 | D:2      | Found a blossoming altar of Fedhas.
  1974 | D:2      | Reached XP level 4. HP: 24/28 MP: 5/8
  2141 | D:3      | Found an iron altar of Okawaru.
  2523 | D:3      | Reached skill level 4 in Transmutations
  2776 | D:3      | Reached XP level 5. HP: 28/33 MP: 9/9
  2785 | D:3      | Learned a level 4 spell: Ice Form
  3254 | D:3      | Reached skill level 1 in Ice Magic
  3408 | D:3      | Noticed Sigmund
  3457 | D:3      | Found a burning altar of Makhleb.
  3463 | D:3      | Reached XP level 6. HP: 20/38 MP: 9/11
  3622 | D:3      | Found a shadowy altar of Dithmenos.
  3987 | D:4      | Found a hazy altar of Hepliaklqana.
  4222 | D:4      | Noticed Robin
  4342 | D:3      | Reached skill level 5 in Transmutations
  4342 | D:3      | HP: 1/38 [goblin/+1 dagger of protection[Robin] (3)]
  4343 | D:3      | Killed Robin
  4353 | D:3      | Slain by a goblin

Levels and vault maps discovered:
D:1:      psy_arrival_dodecagon, layout_loops_corners
D:2:      layout_rooms, overflow_temple_1_default, first_ration,
          chequers_ecumenical_altar_simple, minmay_cupped
D:3:      layout_basic, tso_oasis_becter, lemuel_crystal_altar,
          lemuel_crystal_altar, makhleb_blood_cavern_becter, uniq_sigmund
D:4:      layout_gridville, overflow_temple_1_default, serial_shops, shop,
          trog_eyes_of_draining, uniq_robin, uniq_duvessa, uniq_menkaure

Skill      XL: |  1  2  3  4  5  6 |
---------------+-------------------+-----
Transmutations | 3 4 5 |  5.0
Spellcasting   | 3 |  3.6
Ice Magic      | 1 2 |  2.0
Fighting       | |  1.0
Dodging        | |  2.0
Unarmed Combat | |  3.4

Action                   |  1- 3 |  4- 6 || total
-------------------------+-------+-------++-------
Melee: Unarmed           |    83 |   164 ||   247
       Constrict         |    32 |    11 ||    43
       Tentacles         |    15 |     9 ||    24
       Kick              |    15 |     3 ||    18
       Punch             |     3 |     1 ||     4
 Cast: Beastly Appendage |    18 |     7 ||    25
       Sticks to Snakes  |     2 |     3 ||     5
       Spider Form       |       |    16 ||    16
  Use: Scroll            |       |     1 ||     1
 Stab: Sleeping          |     7 |     4 ||    11
  Eat: Chunk             |     3 |    10 ||    13
Armor: Skin              |    14 |     6 ||    20
Dodge: Dodged            |    53 |   117 ||   170
